 Dungeon Crawl Stone Soup version 0.27-a0-346-ga689d4a613 (webtiles) character file.

Game seed: 6211770684138150141

466 jestyr24 the Digger (level 7, 0/41 HPs)
             Began as a Gargoyle Earth Elementalist on Feb 16, 2021.
             Was an Initiate of Makhleb.
             Slain by a black bear (1 damage)
             ... on level 6 of the Dungeon.
             The game lasted 00:21:42 (4098 turns).

jestyr24 the Digger (Gargoyle Earth Elementalist)   Turns: 4098, Time: 00:21:42

Health: 0/41       AC:  6    Str: 11    XL:     7   Next: 8%
Magic:  7/12       EV: 12    Int: 18    God:    Makhleb [......]
Gold:   250        SH:  9    Dex: 10    Spells: 11/12 levels left

rFire    . . .     SeeInvis .   j - +1 dagger (vamp)
rCold    . . .     Faith    .   C - +0 buckler
rNeg     + . .     Spirit   .   c - +0 robe
rPois    ∞         Reflect  +   (no helmet)
rElec    +         Harm     .   u - scarf {shadows}
rCorr    .         Rampage  .   (no gloves)
Will     +....                  (no boots)
Stlth    ++........             e - amulet of reflection
HPRegen  0.13/turn              n - ring of willpower
MPRegen  0.13/turn              B - +4 ring of slaying

@: no status effects
A: blink, negative energy resistance 1, electricity resistance, unbreathing,
petrification resistance, miasma immunity, MP-powered wands, AC +4
a: Blink, Renounce Religion


You were on level 6 of the Dungeon.
You worshipped Makhleb.
Makhleb was noncommittal.
You visited 2 branches of the dungeon, and saw 7 of its levels.

You collected 250 gold pieces.

Inventory:

Hand Weapons
 f - a +4 dagger
 i - a +0 mace
 j - a +1 vampiric dagger (weapon)
 D - a +2 falchion of holy wrath
Missiles
 b - 90 stones
 l - 37 poisoned darts
 m - 123 sling bullets
Armour
 a - a +0 tower shield
 c - a +0 robe (worn)
 s - a +0 helmet
 u - a scarf of shadows (worn)
 w - a +0 ring mail of cold resistance
 C - a +0 buckler (worn)
Jewellery
 e - an amulet of reflection (around neck)
 h - a ring of protection from cold {unknown}
 n - a ring of willpower (left hand)
 o - a ring of ice
 B - a +4 ring of slaying (right hand)
Wands
 v - a wand of charming (21)
 y - a wand of polymorph (8)
Scrolls
 g - 4 scrolls of identify
 q - 3 scrolls of magic mapping {unknown}
 t - a scroll of immolation {unknown}
 A - 4 scrolls of random uselessness {unknown}
Potions
 d - a potion of degeneration {unknown}
 k - a potion of heal wounds {unknown}
 p - a potion of resistance {unknown}
 r - a potion of berserk rage {unknown}
 z - 4 potions of curing {unknown}
 E - a potion of lignification {unknown}


   Skills:
 * Level 3.2 Fighting
 + Level 3.0 Dodging
 + Level 3.4 Stealth
 + Level 2.0 Shields
 + Level 3.4 Spellcasting
 - Level 0.7 Transmutations
 + Level 5.3 Earth Magic


You had 11 spell levels left.
You knew the following spells:

 Your Spells              Type           Power        Failure   Level
a - Sandblast             Erth           44%          2%          1

Your spell library contained the following spells:

 Spells                   Type           Power        Failure   Level
 Passwall                 Tmut/Erth      10%          9%          2
 Stone Arrow              Conj/Erth      24%          21%         3
 Petrify                  Tmut/Erth      13%          50%         4
 Lee's Rapid Deconstruct  Erth           11%          52%         5


Dungeon Overview and Level Annotations

Branches:
Dungeon (6/15)             Temple (1/1) D:4

Altars:
Ashenzari
Cheibriados
Dithmenos
Elyvilon
Fedhas
Gozag
Hepliaklqana
Kikubaaqudgha
Makhleb
Nemelex Xobeh
Okawaru
Qazlal
Ru
Sif Muna
Trog
Uskayaw
Vehumet
Wu Jian
Xom
Yredelemnul
Zin
The Shining One

Shops:
D:5 (

Annotations:
D:5 Grinder


Innate Abilities, Weirdness & Mutations

You are resistant to torment.
Your stone body is resilient. (AC +4)
You are immune to poison.
You resist negative energy. (rN+)
You are resistant to electric shocks. (rElec)
You can survive without breathing.
You are immune to petrification.
You are immune to miasma.
You can translocate small distances at will.
You expend magic power (3 MP) to strengthen your wands.


Message History

The helpless black bear fails to defend itself.
You puncture the black bear!
The black bear is moderately wounded.
The black bear bites you but does no damage.
You block the black bear's attack.
The black bear claws you but does no damage.
You closely miss the black bear.
The black bear is moderately wounded.
The black bear barely misses you. The black bear claws you.
* * * LOW HITPOINT WARNING * * *
The black bear claws you but does no damage.
You hit the black bear.
The black bear is heavily wounded.
The bullfrog croaks.
The black bear bites you but does no damage.
You block the black bear's attack. The black bear claws you.
* * * LOW HITPOINT WARNING * * *
You hit the black bear but do no damage.
The black bear is heavily wounded.
You block the black bear's attack.
The black bear claws you but does no damage.
You block the black bear's attack.
You hit the black bear.
The black bear is heavily wounded.
You block the bullfrog's attack. The black bear completely misses you.
You block the black bear's attack. The black bear barely misses you.
You block the bullfrog's attack.
You barely miss the black bear.
The black bear is heavily wounded.
The bullfrog closely misses you. You block the black bear's attack.
The black bear barely misses you. x2
You closely miss the black bear.
The black bear is heavily wounded.
The bullfrog hits you.
* * * LOW HITPOINT WARNING * * *
The black bear bites you.
* * * LOW HITPOINT WARNING * * *
The black bear claws you but does no damage.
The black bear claws you.
You die...

## ##..
##...#
#....h#####..
......@......
.....F.......
.............
.............
.............
#............
#............


You could see a black bear and a bullfrog.

Vanquished Creatures
  Eustachio (D:4)
  A howler monkey (D:5)
  An iguana (D:4)
  An orc wizard (D:4)
  Robin (D:3)
  8 adders
  3 white imps (D:5)
  3 oozes
  A worm (D:2)
  2 dart slugs
  6 leopard geckos
  7 orcs
  5 giant cockroaches
  18 goblins
  8 hobgoblins
  15 jackals
  4 quokkas
  6 bats
  4 frilled lizards
  7 kobolds
  3 rats
105 creatures vanquished.

Notes
Turn   | Place    | Note
-------+----------+-------------------------------------------
     0 | D:1      | jestyr24 the Gargoyle Earth Elementalist began the quest
                  | for the Orb.
     0 | D:1      | Reached XP level 1. HP: 10/10 MP: 3/3
   186 | D:1      | Reached XP level 2. HP: 12/15 MP: 0/5
   555 | D:1      | Reached skill level 4 in Earth Magic
   587 | D:1      | Reached XP level 3. HP: 20/20 MP: 6/6
   820 | D:2      | Reached skill level 1 in Fighting
  1171 | D:2      | Reached XP level 4. HP: 25/25 MP: 7/7
  1903 | D:3      | Found a faded altar of an unknown god.
  2087 | D:3      | Reached skill level 1 in Shields
  2087 | D:3      | Reached XP level 5. HP: 30/30 MP: 2/8
  2251 | D:3      | Noticed Robin
  2256 | D:3      | Killed Robin
  2921 | D:4      | Noticed Eustachio
  2928 | D:4      | Killed Eustachio
  2929 | D:4      | Reached skill level 5 in Earth Magic
  2929 | D:4      | Reached XP level 6. HP: 35/36 MP: 3/10
  3112 | D:4      | Found a staircase to the Ecumenical Temple.
  3120 | Temple   | Entered the Ecumenical Temple
  3334 | Temple   | Became a worshipper of Makhleb the Destroyer
  3423 | D:4      | Gained mutation: Your body sometimes deteriorates upon
                  | taking damage. [potion of mutation]
  3423 | D:4      | Gained mutation: You have a pair of small horns on your
                  | head. [potion of mutation]
  3424 | D:4      | Lost mutation: Your body sometimes deteriorates upon taking
                  | damage. [potion of mutation]
  3424 | D:4      | Lost mutation: You have a pair of small horns on your head.
                  | [potion of mutation]
  3424 | D:4      | Gained mutation: You can translocate small distances at
                  | will. [potion of mutation]
  3424 | D:4      | Gained mutation: You expend magic power (3 MP) to
                  | strengthen your wands. [potion of mutation]
  3782 | D:5      | Entered Level 5 of the Dungeon
  3865 | D:5      | Found a basalt altar of Yredelemnul.
  3865 | D:5      | Found a hide-covered altar of Uskayaw.
  3866 | D:5      | Found a glowing golden altar of the Shining One.
  3866 | D:5      | Found a shimmering altar of Xom.
  3942 | D:5      | Found a broken altar of Ashenzari.
  3977 | D:5      | Found Adiuntol's Weapon Shop.
  4034 | D:5      | Noticed Grinder
  4041 | D:5      | Reached XP level 7. HP: 26/41 MP: 2/12
  4057 | D:5      | Paralysed by Grinder for 6 turns
  4085 | D:5      | Paralysed by Grinder for 6 turns
  4098 | D:6      | HP: 1/41 [black bear (3)]
  4098 | D:6      | Slain by a black bear

Illustrated notes

Levels and vault maps discovered:
D:1:      erik_arrival_blinker_ship, layout_loops_ring, minivault_14
D:2:      layout_basic
D:3:      layout_basic, chequers_ecumenical_altar_simple_redux,
          gup_sewer_entry_bowl, uniq_robin
D:4:      layout_cave_pools, lemuel_temple_firewalk_a, uniq_eustachio
D:5:      layout_basic, chequers_temple_overflow_statue_of_worship,
          serial_shops, nicolae_shop_waterfront, shop, shop, nicolae_shop_trees,
          shop, minmay_misc_feat_nine_boxes, amethyst_killhole,
          cheibrodos_ashenzari_chains, uniq_grinder
D:6:      layout_loops_ring, kennysheep_generic_room_8, uniq_crazy_yiuf_cottage
Temple:   dpeg_five_rooms_temple

Skill      XL: |  1  2  3  4  5  6  7 |
---------------+----------------------+-----
Earth Magic    | 4 5 |  5.3
Fighting       | 1 2 3 |  3.2
Dodging        | 2 3 |  3.0
Stealth        | 3 |  3.4
Shields        | 1 2 |  2.0
Spellcasting   | 3 |  3.4
Transmutations | |  0.7

Action                   |  1- 3 |  4- 6 |  7- 9 || total
-------------------------+-------+-------+-------++-------
Melee: Dagger            |    65 |   180 |     8 ||   253
       Falchion          |       |    37 |     2 ||    39
 Cast: Sandblast         |    14 |    56 |     3 ||    73
  Use: Scroll            |       |     2 |       ||     2
       Potion            |       |     2 |       ||     2
 Stab: Sleeping          |     5 |     4 |     1 ||    10
Armor: Robe              |    16 |   102 |     6 ||   124
Dodge: Dodged            |    35 |   167 |     7 ||   209
Block: Other             |    13 |    51 |       ||    64
       Reflection        |       |     2 |       ||     2
       Buckler           |       |    27 |     9 ||    36
       Rpst.: Falchion   |       |     4 |       ||     4

Table legend: (Time is in decaauts)
 A = Elapsed time spent in this place.
 B = Non-inter-level travel time spent in this place.
 C = Inter-level travel time spent in this place.
 D = Time resting spent in this place.
 E = Time spent auto-exploring this place.
 F = Levels seen in this place.
 G = Mean time per level.
                   A        B        C        D        E       F      G
               +--------+--------+--------+--------+--------+-----+--------+
         Total |   4115 |   3847 |    268 |    242 |   1933 |   7 |  587.9 |
       Dungeon |   3848 |   3631 |    217 |    242 |   1742 |   6 |  641.3 |
        Temple |    266 |    215 |     51 |      0 |    191 |   1 |  266.0 |
               +--------+--------+--------+--------+--------+-----+--------+

Top non-repeatable levels by time:
     D:2: 1013 daAuts
     D:3: 1011 daAuts
     D:1: 804 daAuts
     D:4: 696 daAuts
     D:5: 315 daAuts
  Temple: 266 daAuts
     D:6: 6 daAuts
